 Dungeon Crawl Stone Soup version 0.29-a0-973-gac7da5f7f0 (webtiles) character file.

Game seed: 7097723773980236131

286 xian the Sneak (level 6, 0/39 HPs)
             Began as an Octopode Artificer on Aug 1, 2022.
             Slain by Duvessa
             ... wielding a +0 short sword of protection
              (11 damage)
             ... on level 4 of the Dungeon.
             The game lasted 00:07:31 (3040 turns).

xian the Sneak (Octopode Artificer)                 Turns: 3040, Time: 00:07:32

Health: 0/39       AC:  1    Str: 12    XL:     6   Next: 30%
Magic:  6/6        EV: 13    Int: 13    God:
Gold:   204        SH:  3    Dex: 14    Spells: 5/5 levels left

rFire   . . .      SeeInvis .   n - +0 dagger
rCold   . . .      Faith    .   g - +0 buckler
rNeg    . . .      Spirit   .   (helmet restricted)
rPois   .          Reflect  .   (no amulet)
rElec   .          Harm     .   (no ring)
rCorr   .          Rampage  .   (no ring)
Will    .....                   (no ring)
Stlth   ++++......              (no ring)
HPRegen 0.13/turn               (no ring)
MPRegen 0.10/turn               (no ring)
                                (no ring)
                                (no ring)

@: no status effects
A: almost no armour, amphibious, 8 rings, camouflage 1, gelatinous body 1,
(nimble swimmer 1), tentacles
a: no special abilities


You were on level 4 of the Dungeon.
You visited 1 branch of the dungeon, and saw 4 of its levels.

You collected 204 gold pieces.

Inventory:

Hand Weapons
 n - a +0 dagger (weapon)
Missiles
 a - 3 javelins (quivered)
 k - a throwing net
Armour
 g - a +0 buckler (worn)
Wands
 b - a wand of flame (12)
 c - a wand of charming (14)
 d - a wand of iceblast (9)
Scrolls
 h - 3 scrolls of teleportation
 j - 3 scrolls of magic mapping
 m - 2 scrolls of fog
 q - a scroll of acquirement {unknown}
Potions
 e - a potion of lignification {unknown}
 f - 2 potions of heal wounds
 i - 2 potions of curing
 l - a potion of haste {unknown}
 o - a potion of attraction {unknown}
 p - a potion of brilliance {unknown}


   Skills:
 * Level 2.1 Fighting
 + Level 1.5 Short Blades
 + Level 1.1 Maces & Flails
 + Level 2.9 Dodging
 * Level 6.4 Stealth
 + Level 0.3 Shields
 + Level 4.0 Evocations


You had 5 spell levels left.
You didn't know any spells.
Your spell library was empty.

Dungeon Overview and Level Annotations

Branches:
Dungeon (4/15)
 Temple: D:4-7

Altars:

Annotations:
D:4 Duvessa


Innate Abilities, Weirdness & Mutations

You cannot wear most types of armour.
You are amphibious.
You can wear up to eight rings at the same time.
Your skin changes colour to match your surroundings (Stealth+).
Your rubbery body absorbs attacks. (AC +1, EV +1)
((You are camouflaged when in or above water. (Stealth+)))
You have tentacles for arms and can constrict up to eight enemies at once.


Message History

There is an open door here.
Duvessa hits Dowan with a +0 short sword of protection!
Dowan barely misses Duvessa.
Duvessa completely misses Dowan.
Duvessa misses Dowan.
Dowan casts a spell.
Dowan blinks!
Duvessa barely misses Dowan.
Duvessa hits Dowan but does no damage.
Dowan points at Duvessa and mumbles some strange words.
Duvessa easily resists.
Duvessa hits Dowan with a +0 short sword of protection.
Dowan barely misses Duvessa.
Duvessa hits Dowan with a +0 short sword of protection.
Dowan dies!
Duvessa screams, "NO!
What have I done?"
Duvessa goes berserk!
Duvessa rages.
Your Stealth skill increases to level 6!
There is an open door here.
Duvessa rages.
No target in view!
Duvessa rages.
Duvessa is no longer moving quickly.
Duvessa rages.
Duvessa rages.
Duvessa is no longer charmed.
Duvessa completely misses you.
Duvessa hits you with a +0 short sword of protection.
You hit Duvessa but do no damage. You grab Duvessa.
Duvessa is lightly wounded.
You constrict Duvessa. Duvessa misses you.
You hit Duvessa but do no damage.
Duvessa is lightly wounded.
You constrict Duvessa, but do no damage.
Duvessa hits you with a +0 short sword of protection.
Duvessa hits you with a +0 short sword of protection!
* * * LOW HITPOINT WARNING * * *
You hit Duvessa but do no damage. You squeeze Duvessa, but do no damage.
Duvessa is lightly wounded.
You constrict Duvessa, but do no damage.
Duvessa hits you with a +0 short sword of protection!
You die...

######## #......#
##### ##.###.# #..)#
#.###.# #...#
#...#.###...########
###@#...............
#e#>..............
#....#############
#....'.)..........
##...####.).......
#...# +.........
##### #e........
......(### .......)#


You could see Duvessa (berserk).

Vanquished Creatures
  A phantom (D:4)
  2 hounds (D:4)
  An iguana (D:4)
  3 adders
  2 worms (D:2)
  3 dart slugs
  An orc (D:3)
  5 bats
  3 endoplasms
  2 giant cockroaches
  A hobgoblin (D:3)
  4 kobolds
  4 quokkas
  3 ball pythons
  2 frilled lizards (D:2)
  4 goblins
  4 rats
45 creatures vanquished.

Vanquished Creatures (collateral kills)
  Dowan (D:4)
1 creature vanquished.

Grand Total: 46 creatures vanquished

Notes
Turn   | Place    | Note
-------+----------+-------------------------------------------
     0 | D:1      | xian the Octopode Artificer began the quest for the Orb.
     0 | D:1      | Reached XP level 1. HP: 13/13 MP: 1/1
   104 | D:1      | You fall into a shaft and drop 1 floor!
   142 | D:2      | Reached XP level 2. HP: 10/18 MP: 2/2
   629 | D:2      | Reached XP level 3. HP: 18/23 MP: 3/3
   781 | D:2      | Reached skill level 2 in Stealth
  1602 | D:3      | Reached skill level 3 in Stealth
  1771 | D:3      | Reached XP level 4. HP: 28/28 MP: 4/4
  2608 | D:4      | Reached skill level 4 in Stealth
  2729 | D:4      | Reached skill level 1 in Short Blades
  2729 | D:4      | Reached skill level 1 in Maces & Flails
  2729 | D:4      | Reached XP level 5. HP: 34/34 MP: 5/5
  2736 | D:4      | Noticed a phantom
  2761 | D:4      | Killed a phantom
  2762 | D:4      | Reached skill level 5 in Stealth
  2886 | D:4      | Reached XP level 6. HP: 39/39 MP: 6/6
  2987 | D:4      | Noticed Duvessa
  2988 | D:4      | Noticed Dowan
  3007 | D:4      | Killed Dowan
  3008 | D:4      | Reached skill level 6 in Stealth
  3040 | D:4      | Slain by Duvessa

Illustrated notes

Levels and vault maps discovered:
D:1:      lemuel_arrival_cross, layout_basic,
          shapermc_ecumenical_altar_hornbeckon
D:2:      layout_loops_ring
D:3:      wad_crossroads, layout_basic, serial_co_window_serial,
          co_window_corner_a, co_window_corner_a, co_window_corner_a,
          co_window_corner_a, co_window_paths_b, co_window_unsneaky_path_e,
          co_window_corner_b, co_window_2corner, co_window_corner_b,
          co_window_paths_d, glass_columns_b, glass_columns_a, glass_columns_b,
          glass_columns_a, glass_columns_b
D:4:      layout_basic, uniq_duvessa

Skill      XL: |  1  2  3  4  5  6 |
---------------+-------------------+-----
Evocations     | 4 |  4.0
Stealth        | 3 4 5 6 |  6.4
Short Blades   | 1 |  1.5
Maces & Flails | 1 |  1.1
Fighting       | 2 |  2.1
Dodging        | |  2.9
Shields        | |  0.3

Action                   |  1- 3 |  4- 6 || total
-------------------------+-------+-------++-------
Melee: Club              |    46 |       ||    46
       Constrict         |    16 |    10 ||    26
       Tentacles         |    11 |    12 ||    23
       Punch             |     1 |       ||     1
       Dagger            |    14 |    48 ||    62
Evoke: Wand              |     1 |     3 ||     4
  Use: Scroll            |     3 |     4 ||     7
       Potion            |       |     1 ||     1
 Stab: Sleeping          |    12 |     4 ||    16
Armor: Skin              |     8 |       ||     8
Dodge: Dodged            |    37 |    25 ||    62
Block: Buckler           |     8 |     6 ||    14

Table legend: (Time is in decaauts)
 A = Elapsed time spent in this place.
 B = Non-inter-level travel time spent in this place.
 C = Inter-level travel time spent in this place.
 D = Time resting spent in this place.
 E = Time spent auto-exploring this place.
 F = Levels seen in this place.
 G = Mean time per level.
                   A        B        C        D        E       F      G
               +--------+--------+--------+--------+--------+-----+--------+
         Total |   3055 |   2965 |     90 |      0 |   2076 |   4 |  763.8 |
       Dungeon |   3055 |   2965 |     90 |      0 |   2076 |   4 |  763.8 |
               +--------+--------+--------+--------+--------+-----+--------+

Top non-repeatable levels by time:
     D:3: 1412 daAuts
     D:2: 1098 daAuts
     D:4: 439 daAuts
     D:1: 104 daAuts
